Map: [EWC] Site Delta

Players

Reynor - Winner!

  • Race: Zerg Zerg
  • Spawn Location: 11:00

Classic

  • Race: Protoss Protoss
  • Spawn Location: 5:00

Event: Esports World Cup 2024

VOD

Have the link to the VOD?

Description

Time

  • Played on: Aug. 17, 2024, 10:11 a.m.
  • Length: 10:12

All games in this series

Show
View Real Time Build Order
Export as new Build Order

Reynor Zerg - Winner!

Build Orders: Hatch First 

Get SALT Encoding   

  12  0:00  Drone  
  13  0:12  Overlord  
  13  0:16  Drone  
  14  0:30  Drone x2  
  16  0:43  Drone  
  17  0:51  Hatchery  
  17  0:54  Drone  
  17  0:58  Drone  
  18  1:09  Extractor  
  17  1:13  Spawning Pool  
  17  1:15  Drone  
  17  1:21  Drone  
  18  1:29  Drone  
  20  1:40  Drone  
  20  1:49  Overlord  
  20  2:00  Queen  
  22  2:03  Queen  
  22  2:04  Drone x2  
  26  2:11  Zergling x2  
  26  2:14  Metabolic Boost  
  26  2:15  Zergling x2  
  28  2:21  Drone  
  29  2:25  Drone  
  30  2:33  Zergling x2  
  31  2:39  Queen  
  33  2:44  Hatchery  
  33  2:48  Overlord  
  32  2:53  Zergling x2  
  32  2:54  Drone  
  32  2:57  Zergling x2  
  35  2:59  Drone  
  36  3:07  Drone  
  36  3:11  Spore Crawler  
  36  3:14  Drone x3  
  36  3:18  Drone x2  
  40  3:21  Queen  
  40  3:24  Overlord  
  40  3:26  Drone  
  44  3:35  Roach Warren  
  44  3:36  Drone  
  44  3:44  Drone x2  
  44  3:48  Overlord  
  46  3:49  Drone x2  
  46  3:55  Drone x4  
  50  3:57  Extractor  
  48  4:04  Drone  
  48  4:05  Queen  
  50  4:12  Overlord  
  50  4:15  Drone x2  
  52  4:17  Roach x2  
  52  4:19  Roach  
  52  4:23  Roach x2  
  62  4:27  Overlord  
  62  4:28  Roach  
  63  4:32  Zergling x4  
  63  4:33  Zergling x2  
  63  4:36  Roach  
  63  4:38  Roach  
  70  4:41  Overlord  
  70  4:46  Zergling x4, Roach  
  70  4:50  Roach  
  76  4:54  Roach  
  78  5:03  Roach x2  
  78  5:06  Overlord  
  82  5:15  Drone x5  
  82  5:17  Spore Crawler x2  
  82  5:19  Roach x2  
  89  5:21  Overlord  
  88  5:30  Overlord  
  88  5:31  Drone x4  
  88  5:32  Drone x2  
  91  5:37  Drone  
  91  5:38  Drone  
  91  5:40  Drone  
  91  5:49  Spore Crawler  
  87  5:50  Drone  
  87  5:51  Lair  
  87  5:54  Drone x2  
  88  5:57  Drone x2  
  88  5:59  Drone  
  88  6:02  Extractor  
  88  6:03  Zergling x2  
  91  6:09  Roach x3  
  97  6:13  Evolution Chamber  
  97  6:14  Drone  
  97  6:17  Overlord  
  97  6:19  Roach  
  97  6:20  Zergling x2, Roach x2  
  97  6:22  Drone  
  97  6:23  Zergling x4  
  107  6:25  Overlord  
  107  6:28  Overlord  
  107  6:34  Overlord  
  107  6:38  Ravager x2  
  109  6:41  Zergling x6  
  111  6:50  Drone x3  
  111  6:51  Overlord, Zerg Missile Weapons Level 1  
  111  6:53  Drone x3  
  116  6:56  Drone x4  
  116  6:59  Glial Reconstitution  
  116  7:00  Overlord  
  120  7:04  Zergling x4, Roach  
  120  7:05  Extractor  
  123  7:13  Roach x2  
  125  7:18  Drone x2  
  125  7:19  Drone  
  125  7:20  Drone x2, Extractor  
  125  7:21  Drone x3  
  125  7:22  Baneling Nest  
  130  7:24  Extractor  
  130  7:27  Drone  
  130  7:29  Drone  
  131  7:32  Ravager  
  131  7:33  Overseer  
  132  7:39  Overlord  
  132  7:42  Hatchery, Zergling x2, Roach x3  
  132  7:43  Zergling x2  
  139  7:47  Overlord  
  139  7:50  Zergling x2, Roach x3  
  146  7:53  Overlord  
  146  7:56  Zergling x2, Roach  
  146  7:57  Zergling x2  
  150  8:00  Ravager x2  
  150  8:04  Roach x2  
  150  8:05  Zergling x4  
  158  8:06  Ravager  
  158  8:10  Overlord  
  158  8:12  Roach  
  159  8:15  Ravager  
  159  8:17  Roach  
  159  8:18  Zergling x12, Roach  
  159  8:19  Zergling x2  
  170  8:22  Overlord, Ravager  
  168  8:27  Centrifugal Hooks  
  168  8:29  Zergling x6  
  169  8:38  Roach x3  
  163  8:45  Roach  
  163  8:46  Roach x6  
  159  8:53  Roach x4  
  152  8:58  Ravager  
  152  8:59  Ravager  
  152  9:00  Roach x2  
  158  9:06  Roach x2  
  162  9:14  Zergling x12, Roach x2  
  158  9:21  Roach  
  147  9:25  Roach x2  
  147  9:29  Roach  
  146  9:33  Roach x4  
  146  9:37  Roach x2  
  158  9:39  Overlord x2  
  158  9:41  Overseer  
  158  9:43  Roach  
  158  9:44  Zergling x2  
  159  9:45  Zergling x2  
  159  9:46  Zergling x2  
  159  9:48  Baneling  
  159  9:49  Baneling x3  
Show
View Real Time Build Order
Export as new Build Order

Classic Protoss 

Build Orders: 1 Gate Expand, Mass Adepts 

Get SALT Encoding   

  12  0:00  Probe  
  13  0:14  Pylon  
  13  0:17  Probe (Chrono Boost)  
  14  0:27  Probe (Chrono Boost)  
  15  0:32  Probe (Chrono Boost)  
  16  0:40  Gateway  
  16  0:43  Probe  
  16  0:48  Assimilator  
  17  0:55  Probe  
  18  1:08  Probe  
  19  1:20  Probe  
  20  1:25  Nexus  
  20  1:32  Probe  
  21  1:39  Cybernetics Core  
  21  1:46  Assimilator  
  21  1:49  Probe  
  22  1:55  Pylon  
  22  2:01  Probe  
  23  2:13  Adept (Chrono Boost), Probe  
  24  2:18  Twilight Council  
  26  2:25  Warp Gate, Probe  
  27  2:35  Stalker (Chrono Boost)  
  29  2:38  Probe (Chrono Boost)  
  29  2:43  Probe (Chrono Boost)  
  31  2:49  Probe (Chrono Boost)  
  33  2:52  Probe (Chrono Boost)  
  33  2:54  Probe (Chrono Boost)  
  33  2:56  Robotics Facility  
  34  3:02  Probe  
  35  3:05  Probe  
  36  3:20  Gateway x2  
  36  3:23  Gateway  
  30  3:27  Adept  
  36  3:29  Probe x2  
  36  3:31  Resonating Glaives (Chrono Boost)  
  40  3:45  Warp Prism (Chrono Boost), Pylon  
  40  3:54  Probe x2  
  42  3:58  Pylon  
  40  4:15  Adept x3  
  46  4:20  Probe x2  
  46  4:21  Adept  
  49  4:30  Assimilator  
  49  4:32  Observer, Probe x2  
  52  4:40  Pylon  
  52  4:43  Adept x4  
  52  4:45  Probe x2  
  62  4:58  Probe x2  
  68  5:03  Pylon  
  64  5:07  Pylon  
  64  5:14  Adept x3  
  64  5:18  Immortal (Chrono Boost)  
  64  5:19  Assimilator  
  74  5:22  Pylon  
  66  5:37  Probe x2  
  58  5:42  Sentry  
  58  5:47  Immortal (Chrono Boost)  
  58  5:49  Sentry  
  66  5:50  Adept x2  
  66  6:00  Nexus  
  66  6:10  Gateway  
  66  6:11  Adept x2  
  68  6:12  Gateway  
  68  6:13  Adept  
  68  6:15  Sentry  
  74  6:21  Gateway  
  74  6:26  Immortal (Chrono Boost)  
  78  6:34  Gateway  
  78  6:39  Pylon  
  78  6:40  Probe x2  
  80  6:47  Sentry x3  
  80  6:48  Adept  
  84  6:55  Immortal (Chrono Boost)  
  88  7:03  Forge  
  88  7:05  Probe x2  
  81  7:20  Sentry, Adept  
  81  7:21  Adept x2  
  81  7:22  Sentry  
  91  7:25  Warp Prism (Chrono Boost)  
  93  7:37  Sentry  
  93  7:38  Adept x2  
  93  7:39  Probe x3  
  102  7:46  Pylon  
  102  7:47  Observer (Chrono Boost)  
  102  7:53  Adept x4  
  102  7:54  Adept  
  112  8:00  Probe x3  
  112  8:04  Pylon x2  
  115  8:07  Sentry, Adept  
  115  8:14  Adept x3  
  121  8:23  Adept  
  121  8:24  Adept x3  
  127  8:32  Adept  
  127  8:38  Adept x3  
  115  8:49  Adept x4  
  115  8:53  Sentry  
  121  8:59  Adept x3  
  126  9:07  Adept  
  112  9:17  Sentry x2, Adept x4  
  96  9:28  Immortal (Chrono Boost)  
  74  9:32  Sentry, Adept x4  
  74  9:37  Shield Battery  
  76  9:39  Shield Battery, Probe x3  
  75  9:48  Adept x3  
  75  9:51  Shield Battery  
  81  9:54  Sentry, Adept  
  83  10:00  Adept x2  
Tags
 
Add a new tag
Caveats
  • Supply blocks, unpowered buildings, or Contaminate may cause inaccurate times.
  • Supply counts are checked every 10 seconds.